Flames vs Stars

Created - February 16, 2017 at 16:57

Goals
1 2 3 T
Flames 1 0 0 1
Stars 0 1 2 3
Shots
1 2 3 T
Flames 11 9 8 28
Stars 5 10 13 28

1st period

1. Flames , Dustin Brown 14 (Adam Lowry) at 14:58

Penalties :
Kevan Miller (CGY) for Holding (Minor) at 11:29

2nd period

2. Stars , Duncan Keith 3 (Paul Stastny, Zdeno Chara) at 1:12

Penalties :
Adam Pardy (DAL) for Roughing (Minor) at 1:37, Zdeno Chara (DAL) for High sticking (Minor) at 9:11, Kyle Palmieri (CGY) for Hooking (Minor) at 16:32

3rd period

3. Stars , Paul Stastny 12 (Adam Pardy, Shawn Thornton) at 6:07 (PP)
4. Stars , Sidney Crosby 27 (Nikita Kucherov, John Klingberg) at 15:21 (PP)

Penalties :
Zdeno Chara (DAL) for Holding (Minor) at 0:35, Adam Lowry (CGY) for Roughing (Minor) at 4:45, John Klingberg (DAL) for Holding Stick (Minor) at 7:42, Kyle Palmieri (CGY) for Tripping (Minor) at 8:41, Zdeno Chara (DAL) for Hooking (Minor) at 9:24, Jarret Stoll (CGY) for Tripping (Minor) at 13:31, Alec Martinez (CGY) for Hooking (Minor) at 17:56

Goalie Stats

Mike Smith (CGY), 25 saves from 28 shots - (0.893), L, 8-9-0, 60:00 minutes
Jonathan Quick (DAL), 27 saves from 28 shots - (0.964), W, 31-21-1, 60:00 minutes

Players Stats for Flames

Player Name              G  A  P  +/- PIM S  H  SB GA TA FO     MP     PP MP  PK MP  
------------------------------------------------------------------------------------
Adam Lowry               0  1  1   1  2   2  0  0  0  0  7/19   13:58   3:43   0:00 
Alec Martinez            0  0  0   0  2   1  5  2  0  0  0/0    25:28   3:49   4:01 
Andrej Nestrasil         0  0  0   0  0   0  0  0  0  0  0/2     6:18   0:00   0:50 
Andrew Miller            0  0  0   0  0   1  1  1  0  0  1/3     5:28   0:00   0:00 
Antoine Vermette         0  0  0  -1  0   4  1  0  0  0  24/43  25:35   3:17   6:01 
Brady Skjei              0  0  0   0  0   0  2  0  0  0  0/0    13:18   0:00   1:32 
Daniel Carr              0  0  0   0  0   0  0  0  0  0  0/1     5:28   0:00   0:00 
Devante Smith-Pelly      0  0  0   0  0   1  2  0  0  0  0/1    12:17   0:30   0:00 
Dustin Brown             1  0  1   1  0   3  0  0  0  0  1/3    17:21   3:43   3:02 
Gabriel Bourque          0  0  0   0  0   1  3  0  0  0  0/2    11:27   0:30   0:06 
Jared Spurgeon           0  0  0   0  0   6  0  1  0  0  0/0    22:24   3:50   4:47 
Jarome Iginla            0  0  0   1  0   1  0  0  0  0  4/4    17:21   3:43   3:02 
Jarret Stoll             0  0  0  -1  2   0  1  0  0  0  0/1    18:03   3:26   0:00 
John Carlson             0  0  0   0  0   1  0  0  0  0  0/0    25:54   3:49   4:30 
Josh Gorges              0  0  0   0  0   0  2  0  0  0  0/0    12:20   0:30   0:00 
Kevan Miller             0  0  0   0  2   1  0  2  0  0  0/0    20:34   3:20   3:28 
Kyle Palmieri            0  0  0  -1  4   5  0  0  0  0  0/1    23:19   3:25   5:17 
Peter Holland            0  0  0   0  0   1  0  0  0  0  7/10   12:13   0:39   0:00 

Players Stats for Stars

Player Name              G  A  P  +/- PIM S  H  SB GA TA FO     MP     PP MP  PK MP  
------------------------------------------------------------------------------------
Adam Pardy               0  1  1   0  2   0  0  1  0  0  0/0    14:58   1:01   2:40 
Brad Malone              0  0  0   0  0   1  0  0  0  0  0/0     0:52   0:52   0:00 
Brandon Manning          0  0  0   0  0   0  0  0  0  0  0/0    11:35   0:00   0:22 
Cody McLeod              0  0  0   0  0   0  0  0  0  0  0/0     0:00   0:00   0:00 
Dainius Zubrus           0  0  0   0  0   0  0  0  0  0  0/2    12:16   0:00   0:00 
Duncan Keith             1  0  1   1  0   2  0  2  0  0  0/0    25:53   3:27   3:11 
Evgeni Malkin            0  0  0   0  0   4  1  0  0  0  0/2    21:46   3:17   0:00 
Jason Demers             0  0  0  -1  0   2  3  1  0  0  0/0    21:16   4:18   4:36 
John Klingberg           0  1  1  -1  2   0  0  0  0  0  0/0    25:19   5:12   3:37 
John Mitchell            0  0  0   0  0   3  0  0  0  0  13/26  18:24   0:00   6:08 
Jonathan Huberdeau       0  0  0   0  0   2  1  0  0  0  0/1    17:35   4:30   0:00 
Mike Richards            0  0  0   0  0   1  0  0  0  0  0/1    13:54   0:00   1:38 
Nikita Kucherov          0  1  1   0  0   2  0  0  0  0  1/1    20:32   3:47   0:00 
Paul Byron               0  0  0   0  0   0  4  0  0  0  3/3    22:19   5:22   5:40 
Paul Stastny             1  1  2   0  0   5  2  0  0  0  11/27  19:40   5:52   1:38 
Shawn Thornton           0  1  1   0  0   0  0  0  0  0  0/0     0:30   0:30   0:00 
Sidney Crosby            1  0  1   0  0   5  4  0  0  0  18/27  22:17   3:17   0:31 
Zdeno Chara              0  1  1   1  6   1  3  0  0  0  0/0    20:54   4:20   1:26 

3 Stars

1 - Jonathan Quick (DAL)
2 - Paul Stastny (DAL)
3 - Sidney Crosby (DAL)

Power Play

Flames - 0 on 5 Attempt(s) - 0.00%
Stars - 2 on 6 Attempt(s) - 33.33%

Penalty Kill

Flames - 4 on 6 Attempt(s) - 66.67% - Score 0 goal in Penalty Kill
Stars - 5 on 5 Attempt(s) - 100.00% - Score 0 goal in Penalty Kill

Team Stat

Flames - Hits : 17 - Faceoff Wins : 44 - Blocked Shots : 6 - Penalty Minutes : 12
Stars - Hits : 18 - Faceoff Wins : 46 - Blocked Shots : 4 - Penalty Minutes : 10

Official

Referees : Tim Peel and Brad Watson
Linesman : Trent Knorr and Devin Berg

Game Notes

No Game Note

Finance

Level 1 -- Attendance: 2800 (46.67%) -- Ticket Income $616,000
Level 2 -- Attendance: 2252 (45.04%) -- Ticket Income $360,320
Level 3 -- Attendance: 1105 (55.25%) -- Ticket Income $143,650
Level 4 -- Attendance: 951 (20.98%) -- Ticket Income $95,100
Luxury Box -- Attendance: 473 (47.30%) -- Ticket Income $189,200
Game was played at the American Airlines Center.
Total Attendance: 7581 (40.91%)
Total Ticket Income: $1,404,270
Other Income: $210,640
Total Income: $1,614,910

% Time on Ice - Flames

Lines # - Real PCT - Wanted PCT - Time Play
Normal Forward
1 - 36% - 40% - 14:38
2 - 25% - 30% - 10:16
3 - 26% - 20% - 10:51
4 - 13% - 10% - 5:28
Normal Defense
1 - 38% - 40% - 15:32
2 - 32% - 30% - 13:02
3 - 29% - 20% - 11:46
4 - 2% - 10% - 0:53
PP Forward
1 - 45% - 60% - 3:26
2 - 55% - 40% - 4:13
PP Defense
1 - 50% - 60% - 3:49
2 - 50% - 40% - 3:50
PK Forward
1 - 67% - 60% - 6:07
2 - 33% - 40% - 3:02
PK Defense
1 - 49% - 60% - 4:30
2 - 51% - 40% - 4:39
PK3 Forward
1 - 0% - 60%
2 - 0% - 40%
PK3 Defense
1 - 0% - 60%
2 - 0% - 40%
44 Forward
1 - 83% - 60% - 1:39
2 - 17% - 40% - 0:20
44 Defense
1 - 62% - 60% - 1:14
2 - 38% - 40% - 0:45
Last Minute Offensive  - 0:00
Last Minute Defensive  - 0:00
Total
Forward - 60:00
Defense - 60:00

% Time on Ice - Stars

Lines # - Real PCT - Wanted PCT - Time Play
Normal Forward
1 - 30% - 33% - 12:12
2 - 27% - 33% - 11:17
3 - 30% - 17% - 12:16
4 - 13% - 17% - 5:28
Normal Defense
1 - 35% - 35% - 14:28
2 - 30% - 35% - 12:22
3 - 27% - 15% - 11:07
4 - 8% - 15% - 3:16
PP Forward
1 - 41% - 55% - 3:47
2 - 59% - 45% - 5:22
PP Defense
1 - 47% - 50% - 4:18
2 - 53% - 50% - 4:51
PK Forward
1 - 79% - 60% - 6:01
2 - 21% - 40% - 1:38
PK Defense
1 - 44% - 50% - 3:20
2 - 56% - 50% - 4:19
PK3 Forward
1 - 100% - 55% - 0:17
2 - 0% - 45% - 0:00
PK3 Defense
1 - 0% - 50% - 0:00
2 - 100% - 50% - 0:17
44 Forward
1 - 48% - 50% - 0:49
2 - 52% - 50% - 0:53
44 Defense
1 - 0% - 50% - 0:00
2 - 100% - 50% - 1:42
Last Minute Offensive  - 0:00
Last Minute Defensive  - 0:00
Total
Forward - 60:00
Defense - 60:00

Play by Play

1st period


0:01 of 1st period - Sidney Crosby wins face-off versus Antoine Vermette in neutral zone.
0:03 of 1st period - Evgeni Malkin is hit by Alec Martinez and loses puck.
1:57 of 1st period - Off-side.
1:58 of 1st period - John Mitchell wins face-off versus Gabriel Bourque in neutral zone.
2:17 of 1st period - Shot by Brady Skjei.
2:17 of 1st period - Shot Misses the Net.
2:32 of 1st period - Icing by Josh Gorges.
2:33 of 1st period - Peter Holland wins face-off versus Sidney Crosby in Flames zone.
3:59 of 1st period - Jared Spurgeon is hit by Paul Byron and loses puck.
4:36 of 1st period - Shot by John Mitchell.
4:36 of 1st period - Stopped by Mike Smith with a rebound.
4:38 of 1st period - Shot by John Mitchell.
4:38 of 1st period - Stopped by Mike Smith without a rebound.
4:39 of 1st period - Sidney Crosby wins face-off versus Adam Lowry in Flames zone.
4:45 of 1st period - Evgeni Malkin is hit by Josh Gorges and loses puck.
5:10 of 1st period - Off-side.
5:11 of 1st period - Peter Holland wins face-off versus John Mitchell in neutral zone.
5:26 of 1st period - Shot by Peter Holland.
5:26 of 1st period - Shot Blocked by Duncan Keith.
5:28 of 1st period - Shot by Devante Smith-Pelly.
5:28 of 1st period - Shot Misses the Net.
5:42 of 1st period - Shot by Devante Smith-Pelly.
5:42 of 1st period - Shot Misses the Net.
6:01 of 1st period - Icing by Duncan Keith.
6:02 of 1st period - Adam Lowry wins face-off versus John Mitchell in Stars zone.
6:17 of 1st period - Shot by Adam Lowry.
6:17 of 1st period - Stopped by Jonathan Quick with a rebound.
6:19 of 1st period - Shot by Jared Spurgeon.
6:19 of 1st period - Stopped by Jonathan Quick without a rebound.
6:20 of 1st period - Antoine Vermette wins face-off versus Sidney Crosby in Stars zone.
6:39 of 1st period - Shot by Evgeni Malkin.
6:39 of 1st period - Stopped by Mike Smith without a rebound.
6:40 of 1st period - Jarome Iginla wins face-off versus Paul Stastny in Flames zone.
7:03 of 1st period - Shot by Jarome Iginla.
7:03 of 1st period - Stopped by Jonathan Quick without a rebound.
7:04 of 1st period - Sidney Crosby wins face-off versus Antoine Vermette in Stars zone.
7:04 of 1st period - Sidney Crosby is hit by Jarret Stoll.
7:20 of 1st period - Shot by Antoine Vermette.
7:20 of 1st period - Shot Misses the Net.
7:22 of 1st period - Shot by Jared Spurgeon.
7:22 of 1st period - Stopped by Jonathan Quick without a rebound.
7:23 of 1st period - Paul Stastny wins face-off versus Adam Lowry in Stars zone.
7:39 of 1st period - Off-side.
7:40 of 1st period - Sidney Crosby wins face-off versus Jarret Stoll in neutral zone.
7:57 of 1st period - Shot by Sidney Crosby.
7:57 of 1st period - Shot Blocked by Jared Spurgeon.
8:09 of 1st period - Shot by Kyle Palmieri.
8:09 of 1st period - Stopped by Jonathan Quick with a rebound.
8:32 of 1st period - Icing by Kevan Miller.
8:33 of 1st period - Nikita Kucherov wins face-off versus Antoine Vermette in Flames zone.
9:06 of 1st period - Icing by John Carlson.
9:07 of 1st period - Adam Lowry wins face-off versus John Mitchell in Flames zone.
9:20 of 1st period - Shot by Adam Lowry.
9:20 of 1st period - Shot Blocked by Adam Pardy.
10:00 of 1st period - John Mitchell is hit by Brady Skjei and loses puck.
10:46 of 1st period - Sidney Crosby is hit by Brady Skjei.
11:13 of 1st period - Icing by Evgeni Malkin.
11:14 of 1st period - Antoine Vermette wins face-off versus Evgeni Malkin in Stars zone.
11:28 of 1st period - Icing by Jared Spurgeon.
11:29 of 1st period - Paul Stastny wins face-off versus Antoine Vermette in Flames zone.
11:29 of 1st period - Minor Penalty to Kevan Miller for Holding.
11:30 of 1st period - Antoine Vermette wins face-off versus Paul Stastny in Flames zone.
11:30 of 1st period - Antoine Vermette is hit by Paul Byron.
12:08 of 1st period - Off-side.
12:09 of 1st period - Sidney Crosby wins face-off versus Antoine Vermette in neutral zone.
12:11 of 1st period - Off-side.
12:12 of 1st period - Antoine Vermette wins face-off versus Sidney Crosby in neutral zone.
12:40 of 1st period - Shot by Duncan Keith.
12:40 of 1st period - Stopped by Mike Smith without a rebound.
12:41 of 1st period - Paul Stastny wins face-off versus Antoine Vermette in Flames zone.
13:07 of 1st period - Dustin Brown is hit by Jonathan Huberdeau and loses puck.
13:51 of 1st period - Josh Gorges is hit by Evgeni Malkin.
14:36 of 1st period - Icing by Josh Gorges.
14:37 of 1st period - Andrew Miller wins face-off versus Paul Stastny in Flames zone.
14:37 of 1st period - Andrew Miller is hit by Paul Byron.
14:58 of 1st period - Shot by Dustin Brown.
14:58 of 1st period - Goal by Dustin Brown - Flames : 1 - Stars : 0.
14:59 of 1st period - Antoine Vermette wins face-off versus Mike Richards in neutral zone.
15:07 of 1st period - Icing by Zdeno Chara.
15:08 of 1st period - Antoine Vermette wins face-off versus Dainius Zubrus in Stars zone.
15:50 of 1st period - Kyle Palmieri is hit by Zdeno Chara.
16:18 of 1st period - Shot by Adam Lowry.
16:18 of 1st period - Shot Misses the Net.
16:20 of 1st period - Shot by Jared Spurgeon.
16:20 of 1st period - Shot Misses the Net.
16:22 of 1st period - Shot by Jared Spurgeon.
16:22 of 1st period - Stopped by Jonathan Quick without a rebound.
16:23 of 1st period - Paul Stastny wins face-off versus Gabriel Bourque in Stars zone.
16:23 of 1st period - Paul Stastny is hit by Gabriel Bourque.
17:45 of 1st period - Shot by Evgeni Malkin.
17:45 of 1st period - Shot Misses the Net.
17:53 of 1st period - Shot by Evgeni Malkin.
17:53 of 1st period - Stopped by Mike Smith with a rebound.
18:20 of 1st period - Off-side.
18:21 of 1st period - John Mitchell wins face-off versus Antoine Vermette in neutral zone.
18:54 of 1st period - Shot by Kyle Palmieri.
18:54 of 1st period - Shot Misses the Net.
18:56 of 1st period - Shot by Antoine Vermette.
18:56 of 1st period - Stopped by Jonathan Quick without a rebound.
18:57 of 1st period - Peter Holland wins face-off versus Paul Stastny in Stars zone.
18:58 of 1st period - Shot by Jared Spurgeon.
18:58 of 1st period - Stopped by Jonathan Quick with a rebound.
19:00 of 1st period - Shot by Jared Spurgeon.
19:00 of 1st period - Stopped by Jonathan Quick without a rebound.
19:01 of 1st period - Paul Stastny wins face-off versus Peter Holland in Stars zone.
19:01 of 1st period - Paul Stastny is hit by Devante Smith-Pelly.
19:10 of 1st period - Icing by Jason Demers.
19:11 of 1st period - Paul Stastny wins face-off versus Andrew Miller in Stars zone.
19:11 of 1st period - Paul Stastny is hit by Andrew Miller.
19:16 of 1st period - Off-side.
19:17 of 1st period - Paul Byron wins face-off versus Antoine Vermette in neutral zone.
19:44 of 1st period - Shot by Antoine Vermette.
19:44 of 1st period - Stopped by Jonathan Quick without a rebound.
19:45 of 1st period - Sidney Crosby wins face-off versus Adam Lowry in Stars zone.
Goals for this period are 1 for Flames vs 0 for Stars.
Shots for this period are 11 for Flames vs 5 for Stars.

2nd period


0:01 of 2nd period - Sidney Crosby wins face-off versus Antoine Vermette in neutral zone.
0:21 of 2nd period - Shot by Jonathan Huberdeau.
0:21 of 2nd period - Stopped by Mike Smith with a rebound.
0:43 of 2nd period - Shot by Sidney Crosby.
0:43 of 2nd period - Shot Misses the Net.
1:05 of 2nd period - Nikita Kucherov is hit by Alec Martinez and loses puck.
1:10 of 2nd period - Shot by Paul Stastny.
1:10 of 2nd period - Shot Misses the Net.
1:12 of 2nd period - Shot by Duncan Keith.
1:12 of 2nd period - Goal by Duncan Keith - Flames : 1 - Stars : 1.
1:13 of 2nd period - Dustin Brown wins face-off versus John Mitchell in neutral zone.
1:37 of 2nd period - Minor Penalty to Adam Pardy for Roughing.
1:38 of 2nd period - Paul Byron wins face-off versus Adam Lowry in Stars zone.
1:51 of 2nd period - Shot by Dustin Brown.
1:51 of 2nd period - Stopped by Jonathan Quick without a rebound.
1:52 of 2nd period - Adam Lowry wins face-off versus John Mitchell in Stars zone.
2:34 of 2nd period - Shot by Kevan Miller.
2:34 of 2nd period - Stopped by Jonathan Quick without a rebound.
2:35 of 2nd period - Paul Stastny wins face-off versus Antoine Vermette in Stars zone.
2:58 of 2nd period - Shot by Jared Spurgeon.
2:58 of 2nd period - Stopped by Jonathan Quick without a rebound.
2:59 of 2nd period - John Mitchell wins face-off versus Adam Lowry in Stars zone.
3:20 of 2nd period - Shot by John Carlson.
3:20 of 2nd period - Shot Misses the Net.
4:06 of 2nd period - Shot by Devante Smith-Pelly.
4:06 of 2nd period - Stopped by Jonathan Quick without a rebound.
4:07 of 2nd period - Sidney Crosby wins face-off versus Antoine Vermette in Stars zone.
5:27 of 2nd period - Icing by Brady Skjei.
5:28 of 2nd period - Paul Stastny wins face-off versus Andrej Nestrasil in Flames zone.
5:35 of 2nd period - Shot by Josh Gorges.
5:35 of 2nd period - Shot Misses the Net.
5:37 of 2nd period - Shot by Andrew Miller.
5:37 of 2nd period - Stopped by Jonathan Quick without a rebound.
5:38 of 2nd period - Adam Lowry wins face-off versus John Mitchell in Stars zone.
6:16 of 2nd period - Icing by Jason Demers.
6:17 of 2nd period - Antoine Vermette wins face-off versus John Mitchell in Stars zone.
6:31 of 2nd period - Off-side.
6:32 of 2nd period - Paul Stastny wins face-off versus Peter Holland in neutral zone.
6:43 of 2nd period - Nikita Kucherov is hit by Gabriel Bourque and loses puck.
6:59 of 2nd period - Icing by Gabriel Bourque.
7:00 of 2nd period - Peter Holland wins face-off versus Sidney Crosby in Flames zone.
7:14 of 2nd period - Off-side.
7:15 of 2nd period - Paul Stastny wins face-off versus Antoine Vermette in neutral zone.
7:26 of 2nd period - Shot by Nikita Kucherov.
7:26 of 2nd period - Stopped by Mike Smith without a rebound.
7:27 of 2nd period - Sidney Crosby wins face-off versus Adam Lowry in Flames zone.
7:28 of 2nd period - Shot by Jonathan Huberdeau.
7:28 of 2nd period - Deflect By Sidney Crosby.
7:28 of 2nd period - Stopped by Mike Smith without a rebound.
7:29 of 2nd period - Antoine Vermette wins face-off versus Paul Stastny in Flames zone.
7:29 of 2nd period - Antoine Vermette is hit by Paul Byron.
7:46 of 2nd period - Icing by Jason Demers.
7:47 of 2nd period - Adam Lowry wins face-off versus Paul Stastny in Stars zone.
7:47 of 2nd period - Kevan Miller is hit by Jason Demers and loses puck.
9:06 of 2nd period - Jared Spurgeon is hit by Sidney Crosby and loses puck.
9:11 of 2nd period - Minor Penalty to Zdeno Chara for High sticking.
9:12 of 2nd period - Antoine Vermette wins face-off versus John Mitchell in Stars zone.
9:58 of 2nd period - Alec Martinez is hit by Paul Stastny and loses puck.
10:25 of 2nd period - Gabriel Bourque is hit by Sidney Crosby and loses puck.
10:44 of 2nd period - Brandon Manning is hit by Gabriel Bourque and loses puck.
10:49 of 2nd period - Shot by Devante Smith-Pelly.
10:49 of 2nd period - Deflect By Peter Holland.
10:49 of 2nd period - Stopped by Jonathan Quick without a rebound.
10:50 of 2nd period - John Mitchell wins face-off versus Adam Lowry in Stars zone.
11:24 of 2nd period - Shot by Jason Demers.
11:24 of 2nd period - Stopped by Mike Smith without a rebound.
11:25 of 2nd period - Peter Holland wins face-off versus Sidney Crosby in Flames zone.
11:30 of 2nd period - Shot by Gabriel Bourque.
11:30 of 2nd period - Stopped by Jonathan Quick without a rebound.
11:31 of 2nd period - Sidney Crosby wins face-off versus Peter Holland in Stars zone.
11:31 of 2nd period - Jonathan Huberdeau is hit by Devante Smith-Pelly and loses puck.
11:42 of 2nd period - Shot by Sidney Crosby.
11:42 of 2nd period - Shot Misses the Net.
11:56 of 2nd period - Shot by Sidney Crosby.
11:56 of 2nd period - Deflect By Jonathan Huberdeau.
11:56 of 2nd period - Stopped by Mike Smith without a rebound.
11:57 of 2nd period - Antoine Vermette wins face-off versus Paul Stastny in Flames zone.
12:06 of 2nd period - Shot by Kyle Palmieri.
12:06 of 2nd period - Stopped by Jonathan Quick without a rebound.
12:07 of 2nd period - Adam Lowry wins face-off versus Paul Stastny in Stars zone.
12:10 of 2nd period - Shot by Adam Lowry.
12:10 of 2nd period - Stopped by Jonathan Quick without a rebound.
12:11 of 2nd period - Paul Byron wins face-off versus Antoine Vermette in Stars zone.
12:44 of 2nd period - Shot by Nikita Kucherov.
12:44 of 2nd period - Stopped by Mike Smith without a rebound.
12:45 of 2nd period - Sidney Crosby wins face-off versus Dustin Brown in Flames zone.
12:52 of 2nd period - Shot by Evgeni Malkin.
12:52 of 2nd period - Stopped by Mike Smith without a rebound.
12:53 of 2nd period - Sidney Crosby wins face-off versus Adam Lowry in Flames zone.
13:56 of 2nd period - Shot by Antoine Vermette.
13:56 of 2nd period - Shot Misses the Net.
13:58 of 2nd period - Shot by Antoine Vermette.
13:58 of 2nd period - Shot Misses the Net.
14:01 of 2nd period - Jarret Stoll is hit by Jason Demers and loses puck.
14:37 of 2nd period - Zdeno Chara is hit by Antoine Vermette and loses puck.
14:55 of 2nd period - Paul Stastny is hit by Josh Gorges and loses puck.
15:31 of 2nd period - Icing by Zdeno Chara.
15:32 of 2nd period - Paul Stastny wins face-off versus Andrej Nestrasil in Stars zone.
15:44 of 2nd period - Icing by Andrej Nestrasil.
15:45 of 2nd period - John Mitchell wins face-off versus Andrew Miller in Flames zone.
15:50 of 2nd period - Shot by John Mitchell.
15:50 of 2nd period - Stopped by Mike Smith without a rebound.
15:51 of 2nd period - Antoine Vermette wins face-off versus Dainius Zubrus in Flames zone.
16:32 of 2nd period - Minor Penalty to Kyle Palmieri for Hooking.
16:33 of 2nd period - Sidney Crosby wins face-off versus Antoine Vermette in Flames zone.
16:58 of 2nd period - Shot by Sidney Crosby.
16:58 of 2nd period - Stopped by Mike Smith with a rebound.
19:32 of 2nd period - Off-side.
19:33 of 2nd period - Antoine Vermette wins face-off versus Paul Stastny in neutral zone.
Goals for this period are 0 for Flames vs 1 for Stars.
Shots for this period are 9 for Flames vs 10 for Stars.

3rd period


0:01 of 3rd period - Sidney Crosby wins face-off versus Antoine Vermette in neutral zone.
0:07 of 3rd period - Icing by Alec Martinez.
0:08 of 3rd period - Antoine Vermette wins face-off versus Sidney Crosby in Flames zone.
0:08 of 3rd period - Antoine Vermette is hit by Sidney Crosby.
0:35 of 3rd period - Minor Penalty to Zdeno Chara for Holding.
0:36 of 3rd period - John Mitchell wins face-off versus Adam Lowry in Stars zone.
0:57 of 3rd period - Shot by Dustin Brown.
0:57 of 3rd period - Stopped by Jonathan Quick without a rebound.
0:58 of 3rd period - Antoine Vermette wins face-off versus John Mitchell in Stars zone.
1:13 of 3rd period - Shot by Kyle Palmieri.
1:13 of 3rd period - Stopped by Jonathan Quick without a rebound.
1:14 of 3rd period - John Mitchell wins face-off versus Dustin Brown in Stars zone.
1:40 of 3rd period - Shot by Jared Spurgeon.
1:40 of 3rd period - Shot Misses the Net.
1:42 of 3rd period - Shot by Dustin Brown.
1:42 of 3rd period - Deflect By Jarome Iginla.
1:42 of 3rd period - Shot Misses the Net.
1:44 of 3rd period - Shot by Kevan Miller.
1:44 of 3rd period - Shot Misses the Net.
1:57 of 3rd period - Jarome Iginla is hit by Jason Demers and loses puck.
2:20 of 3rd period - Shot by Alec Martinez.
2:20 of 3rd period - Stopped by Jonathan Quick without a rebound.
2:21 of 3rd period - John Mitchell wins face-off versus Antoine Vermette in Stars zone.
2:54 of 3rd period - Icing by Sidney Crosby.
2:55 of 3rd period - Sidney Crosby wins face-off versus Daniel Carr in Stars zone.
3:00 of 3rd period - Shot by Evgeni Malkin.
3:00 of 3rd period - Shot Blocked by Andrew Miller.
4:04 of 3rd period - Shot by Kyle Palmieri.
4:04 of 3rd period - Shot Misses the Net.
4:12 of 3rd period - Shot by Jarret Stoll.
4:12 of 3rd period - Shot Misses the Net.
4:18 of 3rd period - Shot by Kyle Palmieri.
4:18 of 3rd period - Stopped by Jonathan Quick with a rebound.
4:20 of 3rd period - Shot by Kevan Miller.
4:20 of 3rd period - Shot Blocked by Duncan Keith.
4:45 of 3rd period - Minor Penalty to Adam Lowry for Roughing.
4:46 of 3rd period - Jarome Iginla wins face-off versus Paul Stastny in Flames zone.
5:14 of 3rd period - Shot by Paul Stastny.
5:14 of 3rd period - Stopped by Mike Smith with a rebound.
5:16 of 3rd period - Shot by Brad Malone.
5:16 of 3rd period - Stopped by Mike Smith without a rebound.
5:17 of 3rd period - Jarome Iginla wins face-off versus Paul Stastny in Flames zone.
5:37 of 3rd period - Shot by Jason Demers.
5:37 of 3rd period - Stopped by Mike Smith without a rebound.
5:38 of 3rd period - Antoine Vermette wins face-off versus Paul Stastny in Flames zone.
5:57 of 3rd period - Shot by Nikita Kucherov.
5:57 of 3rd period - Shot Misses the Net.
5:59 of 3rd period - Shot by Jason Demers.
5:59 of 3rd period - Shot Misses the Net.
6:01 of 3rd period - Shot by Shawn Thornton.
6:01 of 3rd period - Shot Misses the Net.
6:03 of 3rd period - Shot by Adam Pardy.
6:03 of 3rd period - Shot Misses the Net.
6:05 of 3rd period - Shot by Adam Pardy.
6:05 of 3rd period - Shot Blocked by Kevan Miller.
6:07 of 3rd period - Shot by Paul Stastny.
6:07 of 3rd period - Goal by Paul Stastny - Flames : 1 - Stars : 2.
6:08 of 3rd period - Adam Lowry wins face-off versus John Mitchell in neutral zone.
6:44 of 3rd period - Shot by Adam Lowry.
6:44 of 3rd period - Shot Misses the Net.
7:42 of 3rd period - Minor Penalty to John Klingberg for Holding Stick.
7:43 of 3rd period - John Mitchell wins face-off versus Kyle Palmieri in Stars zone.
8:02 of 3rd period - Shot by Antoine Vermette.
8:02 of 3rd period - Deflect By Kyle Palmieri.
8:02 of 3rd period - Stopped by Jonathan Quick without a rebound.
8:03 of 3rd period - John Mitchell wins face-off versus Adam Lowry in Stars zone.
8:18 of 3rd period - Shot by John Carlson.
8:18 of 3rd period - Stopped by Jonathan Quick without a rebound.
8:19 of 3rd period - Antoine Vermette wins face-off versus John Mitchell in Stars zone.
8:24 of 3rd period - Shot by Kyle Palmieri.
8:24 of 3rd period - Deflect By Antoine Vermette.
8:24 of 3rd period - Stopped by Jonathan Quick without a rebound.
8:25 of 3rd period - John Mitchell wins face-off versus Antoine Vermette in Stars zone.
8:41 of 3rd period - Minor Penalty to Kyle Palmieri for Tripping.
8:42 of 3rd period - Sidney Crosby wins face-off versus Antoine Vermette in Flames zone.
8:45 of 3rd period - Shot by Evgeni Malkin.
8:45 of 3rd period - Shot Misses the Net.
8:59 of 3rd period - Icing by Zdeno Chara.
9:00 of 3rd period - Antoine Vermette wins face-off versus Sidney Crosby in Stars zone.
9:00 of 3rd period - Jared Spurgeon is hit by Zdeno Chara and loses puck.
9:07 of 3rd period - Shot by Antoine Vermette.
9:07 of 3rd period - Deflect By Peter Holland.
9:07 of 3rd period - Shot Misses the Net.
9:24 of 3rd period - Minor Penalty to Zdeno Chara for Hooking.
9:25 of 3rd period - John Mitchell wins face-off versus Devante Smith-Pelly in Stars zone.
10:26 of 3rd period - Jared Spurgeon is hit by Paul Stastny and loses puck.
11:02 of 3rd period - Shot by Dustin Brown.
11:02 of 3rd period - Shot Blocked by Jason Demers.
12:44 of 3rd period - John Mitchell is hit by Alec Martinez and loses puck.
12:56 of 3rd period - Mike Richards is hit by Alec Martinez and loses puck.
13:09 of 3rd period - Shot by Paul Stastny.
13:09 of 3rd period - Shot Misses the Net.
13:11 of 3rd period - Shot by Paul Byron.
13:11 of 3rd period - Shot Blocked by Alec Martinez.
13:13 of 3rd period - Shot by Paul Stastny.
13:13 of 3rd period - Shot Misses the Net.
13:15 of 3rd period - Shot by Jason Demers.
13:15 of 3rd period - Shot Misses the Net.
13:19 of 3rd period - Shot by Paul Stastny.
13:19 of 3rd period - Shot Misses the Net.
13:23 of 3rd period - Shot by Paul Stastny.
13:23 of 3rd period - Stopped by Mike Smith without a rebound.
13:24 of 3rd period - Antoine Vermette wins face-off versus Jonathan Huberdeau in Flames zone.
13:24 of 3rd period - Antoine Vermette is hit by Sidney Crosby.
13:31 of 3rd period - Minor Penalty to Jarret Stoll for Tripping.
13:32 of 3rd period - Antoine Vermette wins face-off versus Paul Stastny in Flames zone.
13:47 of 3rd period - Shot by Duncan Keith.
13:47 of 3rd period - Deflect By Paul Stastny.
13:47 of 3rd period - Stopped by Mike Smith without a rebound.
13:48 of 3rd period - Antoine Vermette wins face-off versus Sidney Crosby in Flames zone.
14:03 of 3rd period - Shot by John Klingberg.
14:03 of 3rd period - Shot Blocked by Kevan Miller.
14:11 of 3rd period - Shot by Evgeni Malkin.
14:11 of 3rd period - Stopped by Mike Smith without a rebound.
14:12 of 3rd period - Antoine Vermette wins face-off versus Paul Stastny in Flames zone.
14:55 of 3rd period - Shot by Paul Stastny.
14:55 of 3rd period - Stopped by Mike Smith without a rebound.
14:56 of 3rd period - Antoine Vermette wins face-off versus Sidney Crosby in Flames zone.
15:05 of 3rd period - Shot by Nikita Kucherov.
15:05 of 3rd period - Deflect By Sidney Crosby.
15:05 of 3rd period - Stopped by Mike Smith without a rebound.
15:06 of 3rd period - Sidney Crosby wins face-off versus Antoine Vermette in Flames zone.
15:21 of 3rd period - Shot by Nikita Kucherov.
15:21 of 3rd period - Deflect By Sidney Crosby.
15:21 of 3rd period - Goal by Sidney Crosby - Flames : 1 - Stars : 3.
15:22 of 3rd period - John Mitchell wins face-off versus Adam Lowry in neutral zone.
15:38 of 3rd period - Icing by John Mitchell.
15:39 of 3rd period - Peter Holland wins face-off versus John Mitchell in Stars zone.
15:59 of 3rd period - Mike Richards is hit by Alec Martinez and loses puck.
16:06 of 3rd period - Shot by Mike Richards.
16:06 of 3rd period - Shot Misses the Net.
16:08 of 3rd period - Shot by Adam Pardy.
16:08 of 3rd period - Shot Blocked by Alec Martinez.
16:10 of 3rd period - Shot by Brandon Manning.
16:10 of 3rd period - Shot Misses the Net.
16:12 of 3rd period - Shot by Mike Richards.
16:12 of 3rd period - Stopped by Mike Smith without a rebound.
16:13 of 3rd period - Antoine Vermette wins face-off versus Paul Stastny in Flames zone.
17:07 of 3rd period - Off-side.
17:08 of 3rd period - Sidney Crosby wins face-off versus Adam Lowry in neutral zone.
17:19 of 3rd period - Shot by Evgeni Malkin.
17:19 of 3rd period - Deflect By Sidney Crosby.
17:19 of 3rd period - Stopped by Mike Smith without a rebound.
17:20 of 3rd period - Peter Holland wins face-off versus John Mitchell in Flames zone.
17:56 of 3rd period - Minor Penalty to Alec Martinez for Hooking.
17:57 of 3rd period - Antoine Vermette wins face-off versus Evgeni Malkin in Flames zone.
18:54 of 3rd period - Shot by Zdeno Chara.
18:54 of 3rd period - Stopped by Mike Smith without a rebound.
18:55 of 3rd period - Jarome Iginla wins face-off versus Paul Stastny in Flames zone.
19:10 of 3rd period - Shot by Antoine Vermette.
19:10 of 3rd period - Stopped by Jonathan Quick with a rebound.
19:45 of 3rd period - Dustin Brown is hit by Zdeno Chara.
Goals for this period are 0 for Flames vs 2 for Stars.
Shots for this period are 8 for Flames vs 13 for Stars.